 Dungeon Crawl Stone Soup version 0.29.0-5-ge4962eb29e (webtiles) character file.

Game seed: 1681505098778407295

64318 mtoz the Severer (level 14, -7/199 HPs)
             Began as a Minotaur Berserker on Aug 26, 2022.
             Was a Priest of Trog.
             Mangled by a white very ugly thing (27 damage)
             ... on level 2 of the Spider Nest on Aug 28, 2022.
             The game lasted 01:39:43 (18523 turns).

mtoz the Severer (Minotaur Berserker)              Turns: 18523, Time: 01:39:44

Health: -7/199     AC: 26    Str: 25 (27) XL:     14   Next: 71%
Magic:  5/13       EV: 13    Int:  4      God:    Trog [***...]
Gold:   1056       SH:  0    Dex: 16      Spells: 13/13 levels left

rFire   . . .      SeeInvis .   x - +7 battleaxe (venom)
rCold   + . .      Faith    .   (shield currently unavailable)
rNeg    . . .      Spirit   .   C - +3 plate armour
rPois   .          Reflect  .   (helmet restricted)
rElec   .          Harm     .   P - +2 cloak
rCorr   .          Rampage  .   (no gloves)
Will    +++..                   z - +2 pair of boots
Stlth   ..........              (no amulet)
HPRegen 1.43/turn               u - +6 ring of dexterity
MPRegen 0.13/turn               T - ring of protection from cold

@: berserking, marked, strong-willed, regenerating, very quick
A: horns 2, retaliatory headbutt, screaming 1
a: Renounce Religion, Berserk, Trog's Hand


You were on level 2 of the Spider Nest.
You worshipped Trog.
Trog was most pleased with you.
You visited 4 branches of the dungeon, and saw 17 of its levels.
You visited the Abyss 1 time.
You also visited: Bailey.

You collected 1056 gold pieces.

Inventory:

Hand Weapons
 h - the +10 morningstar of the Morning {vorpal, rElec rF- Int+4}
   (You took it off a centaur warrior on level 8 of the Dungeon)

   It inflicts extra damage upon your enemies.
   Int:       It affects your intelligence (+4).
   rF:        It makes you vulnerable to fire.
   rElec:     It insulates you from electricity.
 x - a +7 battleaxe of venom (weapon)
 E - a +0 battleaxe of chaos
Missiles
 v - 5 throwing nets (quivered)
Armour
 c - a +1 buckler of positive energy
 p - a +0 pair of boots
 z - a +2 pair of boots (worn)
 C - a +3 plate armour (worn)
 O - the +1 pair of boots of the Baleful God {Stlth+}
   (You found it on level 10 of the Dungeon)

   Stlth:     It makes you more stealthy.
 P - a +2 cloak (worn)
Jewellery
 b - an amulet of the acrobat
 u - a +6 ring of dexterity (left hand)
 D - a ring of ice
 T - a ring of protection from cold (right hand)
 U - a ring of ice
Wands
 g - a wand of iceblast (12)
 j - a wand of flame (28)
 F - a wand of polymorph (6)
 K - a wand of light (10)
 S - a wand of mindburst (7)
 V - a wand of charming (9)
Scrolls
 a - 3 scrolls of silence
 m - 2 scrolls of vulnerability
 o - 3 scrolls of magic mapping
 r - 6 scrolls of teleportation
 s - a scroll of torment
 t - 6 scrolls of identify
 H - 3 scrolls of fear
 I - a scroll of blinking
 J - 2 scrolls of butterflies
 M - 2 scrolls of poison
Potions
 e - 9 potions of curing
 f - 3 potions of invisibility
 i - 5 potions of lignification
 k - a potion of ambrosia
 l - 3 potions of flight
 w - 2 potions of attraction
 A - 3 potions of cancellation
 B - 3 potions of magic
 N - 3 potions of mutation
 W - 2 potions of heal wounds
 X - 2 potions of haste
Miscellaneous
 n - a lightning rod (2/4)
 q - a phantom mirror (inert)
 Q - a box of beasts (inert)
 Y - a condenser vane


   Skills:
 + Level 14.4 Fighting
 * Level 18.4 Axes
 + Level 14.1 Armour
 + Level 13.0 Dodging
 + Level 6.6 Evocations


You had 13 spell levels left.
You didn't know any spells.
Your spell library was empty.

Dungeon Overview and Level Annotations

Branches:
Dungeon (10/15)            Temple (0/1) D:4            Lair (4/5) D:10
 Shoals (1/4) Lair:3       Spider (2/4) Lair:3       Bailey (visited)
  Slime: Lair:4-5       Orc: D:9-12

Altars:
Ashenzari
Cheibriados
Fedhas
Qazlal
Sif Muna
The Shining One

Shops:
D:8 :

Portals:
Ice
Cave: Spider:2

Annotations:
D:8 1 runed translucent door


Innate Abilities, Weirdness & Mutations

You have a pair of horns on your head.
You reflexively headbutt those who attack you in melee.
You occasionally shout uncontrollably at your foes.


Message History

You resist.
You slash the white very ugly thing!
The white very ugly thing looks as sick as possible!
Your headbutt misses the white very ugly thing.
The white very ugly thing is heavily wounded.
The moth of wrath goads the white very ugly thing on!
The white very ugly thing goes berserk!
The moth of wrath goads something on!
You feel much better.
You hear a horrible gurgling sound!
The white very ugly thing closely misses you.
You furiously retaliate!
You headbutt the white very ugly thing!
A redback comes into view.
The moth of wrath goads the white ugly thing on!
The white ugly thing goes berserk!
The white very ugly thing bites you! The white very ugly thing freezes you!
You resist.
Your skin crawls.
You feel strong-willed.
You can no longer call in reinforcements.
The jumping spider leaps!
The white ugly thing basks in the mutagenic energy from its kin and changes!
The white very ugly thing bites you!! The white very ugly thing freezes you!!
You resist.
* * * LOW HITPOINT WARNING * * *
The white ugly thing rages.
You hear a horrible gurgling sound!
A red film seems to cover your vision as you go berserk!
You feel yourself moving faster!
You feel mighty!
The white very ugly thing barely misses you.
The white very ugly thing bites you!
* * * LOW HITPOINT WARNING * * *
The white very ugly thing freezes you!! You resist.
* * * LOW HITPOINT WARNING * * *
The moth of wrath goads something on!
You slash the white very ugly thing! You headbutt the white very ugly thing!
The white very ugly thing is almost dead.
A culicivora comes into view.
You hear a horrible gurgling sound!
The white ugly thing rages.
The white very ugly thing bites you!!
You die...

,,,,,,,.............#.****
,,,,*,,..s.s....#.....,,,*******
*,,**,,.............#****,,,,,,**
*,****,...#........#* *******,,
*** **^.......s.s#* **,
*#.....syu.#* **,, *#....uus#*
*,,, ######Bu## *^,, #u#@### *,,,
#^#...### *,<, #.s.....#* ****
##* #........# #.#* #.#.....^#
#..##* #.##^...##
#....###.#######
*#.....#..##******* #
*#........##.,,,,** **


You could see a white very ugly thing (berserk, extremely poisoned), 3 ugly
things, a moth of wrath, 2 culicivoras, a pharaoh ant, a jumping spider, a
tarantella and 2 redbacks.

Vanquished Creatures
  A cacodemon (Abyss:2)
  2 ghost moths
  An orc warlord (Bailey)
  An entropy weaver (Spider:1)
  A great orb of eyes (Abyss:2)
  The ghost of Nefuv the Blocker, a journeyman MiBe of Trog (Lair:3)
  Fannar (D:10)
  A rakshasa (Abyss:2)
  A boulder beetle (Spider:1)
  4 hydras
  Harold (D:10)
  3 two-headed ogres
  2 centaur warriors (D:8)
  Urug (D:10)
  A sun demon (Abyss:2)
  2 wretched stars (Abyss:2)
  A skeletal warrior (D:8)
  A pharaoh ant (Spider:1)
  A sea snake (Shoals:1)
  9 starcursed masses (Abyss:2)
  3 steelbarb worms
  An orb spider (Spider:1)
  Pikel (D:5)
  2 orc knights (Bailey)
  3 large abominations (Abyss:2)
  An oklob plant (Lair:3)
  2 ugly things
  A moth of wrath (shapeshifter) (D:8)
  2 elephants (Lair:3)
  Maurice (D:8)
  A black mamba (Lair:3)
  3 torpor snails
  2 smoke demons (Abyss:2)
  6 cane toads
  4 demonic crawlers (Spider:1)
  3 rime drakes (Lair:3)
  2 kobold demonologists
  8 komodo dragons
  A meliai (Lair:3)
  2 trolls (D:10)
  10 blink frogs
  Prince Ribbit (D:6)
  10 tarantellas
  12 jumping spiders
  A flying skull (Abyss:2)
  8 culicivoras (Spider:1)
  6 wyverns
  2 basilisks
  2 wraiths
  25 yaks
  2 steam dragons
  Grum (D:9)
  A chaos spawn (Abyss:2)
  Menkaure (D:5)
  19 redbacks
  8 water moccasins
  7 small abominations (Abyss:2)
  8 orc warriors
  2 ice beasts
  2 sky beasts (D:7)
  3 ogres
  12 wolves
  2 centaurs
  6 kobold brigands
  A phantom (D:7)
  Blork the orc (D:5)
  2 necrophages
  3 scorpions
  16 bullfrogs
  3 wights (D:9)
  3 killer bees (Lair:3)
  3 electric eels
  8 hounds
  A jelly (D:5)
  9 orc priests
  2 gnoll boudas
  3 iguanas
  7 orc wizards
  20 gnolls
  6 adders
  A shadow imp (D:8)
  A white imp (D:8)
  2 ufetubi
  37 orcs
  8 ball pythons
  7 bats
  7 endoplasms
  A giant cockroach (D:4)
  8 goblins
  18 hobgoblins
  5 jackals
  33 kobolds
  A quokka (D:1)
  5 rats (D:1)
458 creatures vanquished.

Vanquished Creatures (collateral kills)
  A tentacled starspawn (Abyss:2)
  A vampire (Abyss:2)
  2 redbacks (Spider:2)
  An orc warrior (Bailey)
  A jelly (Abyss:2)
  A gnoll (Bailey)
7 creatures vanquished.

Vanquished Creatures (others)
  A bush (D:6)
  10 fungi
  31 plants
  4 starspawn tentacles (Abyss:2)
46 creatures vanquished.

Grand Total: 511 creatures vanquished

Notes
Turn   | Place    | Note
-------+----------+-------------------------------------------
     0 | D:1      | mtoz the Minotaur Berserker began the quest for the Orb.
     0 | D:1      | Reached XP level 1. HP: 19/19 MP: 0/0
   221 | D:1      | Reached XP level 2. HP: 27/27 MP: 1/1
   324 | D:1      | Reached skill level 4 in Axes
   400 | D:1      | Reached ** piety under Trog
   497 | D:1      | Reached XP level 3. HP: 30/33 MP: 2/2
  1085 | D:2      | Reached XP level 4. HP: 37/40 MP: 3/3
  1668 | D:3      | You fall into a shaft and drop 1 floor!
  1926 | D:4      | Found a staircase to the Ecumenical Temple.
  2046 | D:4      | Noticed a scorpion
  2056 | D:4      | Killed a scorpion
  2057 | D:4      | Reached XP level 5. HP: 47/47 MP: 4/4
  2342 | D:4      | Reached skill level 5 in Fighting
  2342 | D:4      | Reached skill level 5 in Axes
  2509 | D:4      | Reached XP level 6. HP: 50/56 MP: 5/5
  2576 | D:5      | Entered Level 5 of the Dungeon
  2579 | D:5      | Noticed Pikel
  2583 | D:5      | Noticed Blork the orc
  2588 | D:5      | Killed Pikel
  2589 | D:5      | Reached skill level 6 in Axes
  2589 | D:5      | Reached skill level 5 in Armour
  2589 | D:5      | Reached skill level 5 in Dodging
  2589 | D:5      | Reached XP level 7. HP: 63/63 MP: 6/6
  2598 | D:5      | Killed Blork the orc
  2861 | D:5      | Reached XP level 8. HP: 65/71 MP: 7/7
  2892 | D:5      | Noticed Menkaure
  2907 | D:5      | Killed Menkaure
  3259 | D:5      | Reached skill level 7 in Axes
  3969 | D:6      | Found a shimmering blue altar of Sif Muna.
  4455 | D:6      | Found a blossoming altar of Fedhas.
  4457 | D:6      | Noticed Prince Ribbit
  4517 | D:6      | Killed Prince Ribbit
  4956 | D:6      | Upgraded the game from 0.29.0-4-gdea44cf6ec to
                  | 0.29.0-5-ge4962eb29e
  4989 | D:7      | Reached XP level 9. HP: 81/81 MP: 8/8
  5008 | D:7      | Reached skill level 8 in Axes
  5022 | D:7      | Found a flagged portal.
  5034 | Bailey   | Entered a bailey
  5138 | Bailey   | Reached *** piety under Trog
  5207 | Bailey   | Noticed an orc knight
  5226 | Bailey   | Killed an orc knight
  5227 | Bailey   | Reached skill level 9 in Axes
  5567 | Bailey   | Noticed an orc knight
  5597 | Bailey   | Killed an orc knight
  5779 | Bailey   | Noticed an orc warlord
  5833 | Bailey   | Killed an orc warlord
  5834 | Bailey   | Reached skill level 10 in Axes
  5834 | Bailey   | Reached XP level 10. HP: 91/91 MP: 9/9
  6919 | D:8      | Noticed Maurice
  6931 | D:8      | Reached skill level 11 in Axes
  6938 | D:8      | Killed Maurice
  7164 | D:8      | Reached skill level 10 in Fighting
  7164 | D:8      | Reached skill level 13 in Axes
  7164 | D:8      | Reached skill level 10 in Armour
  7164 | D:8      | Reached XP level 11. HP: 101/101 MP: 10/10
  7490 | D:8      | Identified the +10 morningstar of the Morning {vorpal,
                  | rElec rF- Int+4}
  7490 | D:8      | Noticed a centaur warrior
  7498 | D:8      | Killed a centaur warrior
  7499 | D:8      | Reached skill level 10 in Dodging
  7509 | D:8      | Noticed a six-headed hydra
  7519 | D:8      | Killed a six-headed hydra
  7897 | D:8      | Found a runed translucent door.
  7901 | D:8      | Found a snail-covered altar of Cheibriados.
  7944 | D:8      | Found Paecoehu's Book Boutique.
  8013 | D:8      | Found a stormy altar of Qazlal.
  8081 | D:8      | Noticed a purple ugly thing
  8091 | D:8      | Killed a purple ugly thing
  8124 | D:8      | Found a runed translucent door.
  8124 | D:8      | Noticed a centaur warrior
  8135 | D:8      | Killed a centaur warrior
  8150 | D:8      | Noticed a boulder beetle
  8161 | D:8      | Noticed a two-headed ogre
  8262 | D:8      | Killed a two-headed ogre
  8263 | D:8      | Reached skill level 14 in Axes
  8396 | D:8      | Noticed a skeletal warrior
  8402 | D:8      | Killed a skeletal warrior
  8403 | D:8      | Reached XP level 12. HP: 110/110 MP: 11/11
  8518 | D:9      | Noticed Grum
  8533 | D:9      | Killed Grum
  8600 | D:9      | Found a broken altar of Ashenzari.
  8666 | D:9      | Reached skill level 1 in Evocations
  8687 | D:9      | Found a glowing golden altar of the Shining One.
  9014 | D:9      | Noticed a two-headed ogre
  9019 | D:9      | Killed a two-headed ogre
  9168 | D:10     | Entered Level 10 of the Dungeon
  9257 | D:10     | Noticed Urug
  9268 | D:10     | Killed Urug
  9272 | D:10     | Noticed Harold
  9515 | D:10     | Noticed Fannar
  9556 | D:10     | Killed Fannar
  9656 | D:10     | Killed Harold
  9663 | D:10     | Noticed a two-headed ogre
  9859 | D:9      | Killed a two-headed ogre
  9860 | D:9      | Reached skill level 15 in Axes
 10107 | D:10     | Found the +12 glaive of Prune {vorpal}
 10109 | D:10     | Found a staircase to the Lair.
 10109 | D:10     | Identified the +1 pair of boots of the Baleful God {Stlth+}
 10395 | Lair:1   | Entered Level 1 of the Lair of Beasts
 10652 | Lair:1   | Reached XP level 13. HP: 80/119 MP: 12/12
 11719 | Lair:2   | Reached skill level 16 in Axes
 12546 | Lair:3   | Found a hole to the Spider Nest.
 12680 | Lair:3   | Found a staircase to the Shoals.
 12708 | Shoals:1 | Entered Level 1 of the Shoals
 13219 | Lair:3   | Reached **** piety under Trog
 14033 | Lair:3   | Noticed Nefuv's ghost (journeyman MiBe)
 14042 | Lair:3   | Found a runed translucent gate.
 14042 | Lair:3   | Found a runed translucent gate.
 14044 | Lair:3   | Found a runed translucent gate.
 14085 | Lair:4   | Reached skill level 5 in Evocations
 14307 | Abyss:2  | Cast into level 2 of the Abyss (Nefuv's ghost)
 14394 | Abyss:2  | Noticed a starcursed mass
 14431 | Abyss:2  | Noticed a bone dragon
 14436 | Abyss:2  | Noticed a purple very ugly thing
 14496 | Abyss:2  | Noticed a tentacled starspawn
 14514 | Abyss:2  | Reached skill level 17 in Axes
 14514 | Abyss:2  | Killed a tentacled starspawn
 14519 | Abyss:2  | Noticed a cacodemon
 14524 | Abyss:2  | Gained mutation: You occasionally shout uncontrollably at
                  | your foes. [a cacodemon]
 14529 | Abyss:2  | Killed a cacodemon
 14551 | Abyss:2  | Noticed a starcursed mass
 14668 | Abyss:2  | Noticed a starcursed mass
 14682 | Abyss:2  | Reached XP level 14. HP: 129/129 MP: 10/13
 14746 | Abyss:2  | Noticed a starcursed mass
 14797 | Lair:3   | Escaped the Abyss
 14808 | Lair:3   | Killed Nefuv's ghost
 15411 | Spider:1 | Entered Level 1 of the Spider Nest
 15707 | Spider:1 | Killed a ghost moth
 16463 | Spider:1 | Reached skill level 18 in Axes
 18479 | Spider:2 | Killed a ghost moth
 18500 | Spider:2 | Found a frozen archway.
 18500 | Spider:2 | Noticed a white very ugly thing
 18523 | Spider:2 | Mangled by a white very ugly thing

Illustrated notes

Levels and vault maps discovered:
D:1:      scummos_arrival_forest, layout_basic, corexii_leaking_fountain,
          st_stairs_8, minmay_liquid_box
D:2:      layout_loops_ring
D:3:      minmay_goblin_kobold_castle, layout_loops_corners,
          mainiacjoe_overflow_catwalk, mainiacjoe_overflow_paths
D:4:      layout_loops_corners, minmay_temple_entry_hall
D:5:      layout_loops_ring, uniq_blork_the_orc, uniq_pikel, uniq_menkaure
D:6:      layout_cave_pods, mainiacjoe_overflow_six_doors_small,
          fedhas_bush_and_centaur_altar, kennysheep_generic_room_10,
          uniq_prince_ribbit1
D:7:      layout_gridville, enter_bailey_7, dk_noncrumbling_2
D:8:      minmay_the_grid_triangle_9x9_rhombus_thin
          [minmay_the_grid_triangle_9x9_windchime,
          minmay_the_grid_triangle_9x9_prize_top_heavy,
          minmay_the_grid_triangle_9x9_tough_junction,
          minmay_the_grid_triangle_9x9_checkered], layout_cave_pools,
          old_standard_altar, nicolae_qazlal_eye_of_the_storm, serial_shops,
          shop, blue_anna_alchemist, uniq_maurice
D:9:      layout_rooms, tso_metal_star, overflow_temple_1_default, uniq_grum
D:10:     layout_rooms, minmay_lair_entry_grove, uniq_fannar, uniq_harold,
          uniq_urug
Lair:1:   layout_chaotic_city
Lair:2:   layout_layer_cave
Lair:3:   layout_regular_city, elwin_shoals_entry_rocks,
          hellmonk_spider_entry_not_the_bees, gammafunk_ghost_split,
          st_stairs_12, minmay_lair_oklob_items, hangedman_lair_generics_rect,
          serial_bayou_shore_a
Lair:4:   layout_roguey, minmay_slime_entry_oklob_enclosed
Shoals:1: layout_shoals, serial_shops, shop, shop, nicolae_shop_stone,
          nicolae_lakefront_shop, nicolae_shop_stone
Spider:1: layout_spider_delve, nicolae_spider_webbed_stairs
Spider:2: layout_cave_pods, portal_ice_cave_entry_ugly_swarm

Skill      XL: |  1  2  3  4  5  6  7  8  9 10 11 12 13 14 |
---------------+-------------------------------------------+-----
Fighting       | 4 5 6 7 9 10 11 12 13 14 | 14.4
Axes           | 4 5 6 7 10 13 14 15 17 18 | 18.4
Armour         | 3 4 5 6 7 9 10 11 12 13 14 | 14.1
Dodging        | 3 4 5 6 8 9 10 11 12 13 | 13.0
Evocations     | 3 5 6 |  6.6

Action                   |  1- 3 |  4- 6 |  7- 9 | 10-12 | 13-15 || total
-------------------------+-------+-------+-------+-------+-------++-------
Melee: Hand axe          |    85 |    66 |   223 |       |       ||   374
       Punch             |     1 |       |     2 |     6 |       ||     9
       Headbutt          |     9 |     7 |    54 |    80 |   115 ||   265
       Broad axe         |       |       |    31 |   208 |       ||   239
       War axe           |       |       |    13 |       |       ||    13
       Morningstar       |       |       |       |     2 |     5 ||     7
       Battleaxe         |       |       |       |   156 |   446 ||   602
       Glaive            |       |       |       |       |     7 ||     7
Invok: Trog's Hand       |       |     2 |    11 |    24 |    31 ||    68
       Berserk           |       |     2 |     5 |     8 |     4 ||    19
Evoke: Lightning rod     |       |       |       |       |     5 ||     5
       Box of beasts     |       |       |       |       |     2 ||     2
       Phantom mirror    |       |       |       |       |     1 ||     1
  Use: Scroll            |       |     1 |     5 |     9 |    17 ||    32
       Potion            |       |       |       |    12 |     4 ||    16
Armor: Animal skin       |    20 |       |       |       |       ||    20
       Ring mail         |    17 |    28 |    56 |       |       ||   101
       Plate armour      |       |       |     7 |   231 |   308 ||   546
       Chain mail        |       |       |     2 |       |       ||     2
Dodge: Dodged            |    68 |    29 |   136 |   238 |   300 ||   771
